Diables vs Staline

Created - January 10, 2018 at 23:16

Goals
1 2 3 OT1 SO T
Diables 2 0 0 0 2 3
Staline 0 1 1 0 0 2
Shots
1 2 3 OT1 SO T
Diables 18 14 4 4 3 40
Staline 10 8 7 1 2 26

1st period

1. Diables , Louis Leblanc 1 (Jordan Szwarz 10) at 6:07
2. Diables , Alexandre Burrows 15 (Steve Quailer 18, Tim Schaller 7) at 13:30

Penalties :
Dustin Kohn (StJ) for Hooking (Minor) at 3:12, Dustin Kohn (StJ) for Hooking (Minor) at 14:35, Stu Bickel (StJ) for Boarding (Minor) at 17:29

2nd period

3. Staline , Danny Kristo 10 (Marek Zagrapan 9, James Sheppard 11) at 17:54

Penalties :
Bryan Bickell (StJ) for Hooking (Minor) at 2:33, Marek Zagrapan (StJ) for Hooking (Minor) at 5:27

3rd period

4. Staline , Danny Kristo 11 (Marek Zagrapan 10) at 5:11

Penalties :
Nikita Kucherov (Alm) for Roughing (Minor) at 0:03, David Desharnais (StJ) for Tripping (Minor) at 7:15, Stefan Matteau (Alm) for Tripping (Minor) at 16:10

Overtime #1

No Goal

Penalties :
No Penalty

Shootout

Penalty Shot by Nikita Kucherov for Diables - Stopped by Allen York
Penalty Shot by David Desharnais for Staline - Stopped by Jean-Francois Berube
Penalty Shot by Tyler Bozak for Diables - Goal!
Penalty Shot by Jeff Skinner for Staline - Stopped by Jean-Francois Berube
Penalty Shot by Alexandre Burrows for Diables - Goal!

Penalties :
No Penalty

Goalie Stats

Jean-Francois Berube (Alm), 24 saves from 26 shots - (0.923), W, 12-9-2, 65:00 minutes
Allen York (StJ), 38 saves from 40 shots - (0.950), OTL, 16-6-4, 65:00 minutes

Players Stats for Diables

Player Name              G  A  P  +/- PIM S  H  SB GA TA FO     MP     PP MP  PK MP  
------------------------------------------------------------------------------------
Alexandre Burrows        1  0  1   1  0   8  1  0  2  0  0/0    22:41   6:22   1:22 
Brandon Prust            0  0  0  -1  0   3  3  0  0  0  3/6    20:40   4:35   0:25 
Brian Dumoulin           0  0  0  -1  0   1  3  0  3  0  0/0    24:16   6:58   0:00 
Christian Thomas         0  0  0   0  0   1  0  0  0  0  1/1     9:05   0:57   0:00 
Craig Smith              0  0  0   0  0   4  3  0  1  0  1/1    18:07   4:36   2:11 
Jamie Oleksiak           0  0  0   0  0   0  1  1  0  0  0/0    13:22   0:00   0:57 
Jon Merrill              0  0  0   1  0   1  0  1  1  0  0/0    27:10   4:56   2:56 
Jordan Szwarz            0  1  1   0  0   3  0  0  2  1  0/0     8:57   0:46   0:00 
Louis Leblanc            1  0  1   0  0   2  1  0  0  2  3/6     9:49   1:00   0:28 
Mark Fraser              0  0  0   1  0   2  0  1  0  2  0/0    29:45   6:45   2:35 
Nikita Kucherov          0  0  0  -1  2   6  0  2  2  0  0/1    22:50   6:32   0:00 
Olli Maatta              0  0  0   0  0   1  2  1  0  0  0/0    17:44   5:09   0:05 
Pavel Valentenko         0  0  0  -1  0   1  1  0  0  1  0/0    17:32   0:00   1:23 
Stefan Matteau           0  0  0   0  2   1  1  0  0  0  2/3     8:37   0:00   0:00 
Steve Quailer            0  1  1   1  0   2  1  0  1  0  0/0    11:36   0:00   0:00 
Taylor Beck              0  0  0   0  0   0  2  1  1  1  6/8    16:52   6:19   0:49 
Tim Schaller             0  1  1   1  0   3  4  0  1  0  3/13   19:14   4:35   2:09 
Tyler Bozak              0  0  0  -1  0   1  1  0  0  0  13/27  17:43   0:00   0:32 

Players Stats for Staline

Player Name              G  A  P  +/- PIM S  H  SB GA TA FO     MP     PP MP  PK MP  
------------------------------------------------------------------------------------
Barclay Goodrow          0  0  0   0  0   0  0  0  0  0  0/0    10:42   0:00   0:00 
Brandon Burlon           0  0  0  -2  0   0  1  0  0  1  0/0    24:01   1:43   5:55 
Bryan Bickell            0  0  0   0  2   2  1  1  0  1  0/2    14:20   0:00   3:19 
Charles Hudon            0  0  0   0  0   0  0  0  0  0  0/0     4:13   0:00   0:00 
Corey Trivino            0  0  0   0  0   2  0  1  0  1  3/6    11:50   0:00   0:00 
Danny Kristo             2  0  2   2  0   7  0  1  0  0  0/0    14:53   1:40   0:00 
David Desharnais         0  0  0  -2  2   4  1  1  2  2  19/38  26:23   2:18   4:54 
Dustin Kohn              0  0  0   0  4   4  2  1  1  1  0/0    28:05   2:15   3:53 
James Sheppard           0  1  1   2  0   1  0  0  0  0  0/0    14:53   1:40   0:00 
Jeff Skinner             0  0  0  -2  0   1  1  0  1  0  1/1    24:18   2:18   6:10 
Jiri Sekac               0  0  0   0  0   0  0  0  0  0  1/2     7:40   0:00   1:33 
Marek Zagrapan           0  2  2   2  2   3  2  1  0  1  7/11   20:23   1:40   3:21 
Mike Reilly              0  0  0   2  0   0  1  1  0  0  0/0    13:08   0:00   2:30 
Peter Holland            0  0  0   0  0   0  0  0  1  1  2/2     7:28   0:00   1:03 
Philip Larsen            0  0  0  -2  0   0  0  1  0  2  0/0    24:36   1:43   6:19 
Stu Bickel               0  0  0   0  2   1  6  0  1  2  0/0    29:17   2:15   4:46 
Tyler Pitlick            0  0  0  -2  0   1  1  1  0  1  1/4    20:36   2:18   3:28 
Viktor Loov              0  0  0   2  0   0  2  1  1  1  0/0    11:14   0:00   0:25 

3 Stars

1 - Danny Kristo (StJ)
2 - Allen York (StJ)
3 - Alexandre Burrows (Alm)

Power Play

Diables - 0 on 6 Attempt(s) - 0.00%
Staline - 0 on 2 Attempt(s) - 0.00%

Penalty Kill

Diables - 2 on 2 Attempt(s) - 100.00% - Score 0 goal in Penalty Kill
Staline - 6 on 6 Attempt(s) - 100.00% - Score 0 goal in Penalty Kill

Team Stat

Diables - Hits : 24 - Faceoff Wins : 32 - Blocked Shots : 7 - Penalty Minutes : 4
Staline - Hits : 18 - Faceoff Wins : 34 - Blocked Shots : 10 - Penalty Minutes : 12

Official

Referees : Kozari Steve and Hasenfratz Mike
Linesman : Mark Shewchyk and Jean Morin

Game Notes

No Game Note

Finance

Level 1 -- Attendance: 1482 (74.10%) -- Ticket Income $59,280
Level 2 -- Attendance: 747 (74.70%) -- Ticket Income $14,940
Total Attendance: 2229 (74.30%)
Total Ticket Income: $74,220
Other Income: $3,711
Total Income: $77,931

Diables

5 vs 5 Forward 
   Center                   Left Wing                Right Wing               Time % Phy DF OF 
 1 Tyler Bozak              Brandon Prust            Nikita Kucherov          40     1   2  2  
 2 Tim Schaller             Alexandre Burrows        Steve Quailer            30     1   2  2  
 3 Stefan Matteau           Taylor Beck              Craig Smith              20     1   2  2  
 4 Louis Leblanc            Christian Thomas         Jordan Szwarz            10     1   2  2  

5 vs 5 Defense 
   Defense                  Defense                                           Time % Phy DF OF 
 1 Mark Fraser              Jon Merrill                                       40     1   2  2  
 2 Pavel Valentenko         Brian Dumoulin                                    30     1   2  2  
 3 Jamie Oleksiak           Olli Maatta                                       20     1   2  2  
 4 Jamie Oleksiak           Olli Maatta                                       10     1   2  2  

PowerPlay Forward 
   Center                   Left Wing                Right Wing               Time % Phy DF OF 
 1 Taylor Beck              Alexandre Burrows        Nikita Kucherov          60     1   2  2  
 2 Tim Schaller             Brandon Prust            Craig Smith              40     1   2  2  

PowerPlay Defense
   Defense                  Defense                                           Time % Phy DF OF 
 1 Mark Fraser              Brian Dumoulin                                    60     1   2  2  
 2 Olli Maatta              Jon Merrill                                       40     1   2  2  

Penalty Kill 4 Players Forward 
   Center                   Wing                     Time % Phy DF OF 
 1 Tim Schaller             Craig Smith              60     1   2  2  
 2 Tyler Bozak              Alexandre Burrows        40     1   2  2  

Penalty Kill 4 Players Defense
   Defense                  Defense                  Time % Phy DF OF 
 1 Mark Fraser              Jon Merrill              60     1   2  2  
 2 Pavel Valentenko         Jon Merrill              40     1   2  2  

Penalty Kill - 3 Players Forward 
   Forward                                           Time % Phy DF OF 
 1 Brandon Prust                                     60     1   2  2  
 2 Tim Schaller                                      40     1   2  2  

Penalty Kill - 3 Players Defense
   Defense                  Defense                  Time % Phy DF OF 
 1 Mark Fraser              Pavel Valentenko         60     1   2  2  
 2 Olli Maatta              Jon Merrill              40     1   2  2  

4 vs 4 Forward 
   Center                   Wing                     Time % Phy DF OF 
 1 Tyler Bozak              Alexandre Burrows        60     1   2  2  
 2 Tim Schaller             Brandon Prust            40     1   2  2  

4 vs 4 Defense
   Defense                  Defense                  Time % Phy DF OF 
 1 Mark Fraser              Brian Dumoulin           60     1   2  2  
 2 Pavel Valentenko         Jon Merrill              40     1   2  2  

Last Minutes Offensive
   Center                   Left Wing                Right Wing               Defense                  Defense                  
   Tyler Bozak              Brandon Prust            Craig Smith              Brian Dumoulin           Jon Merrill              

Last Minutes Defensive
   Center                   Left Wing                Right Wing               Defense                  Defense                  
   Tyler Bozak              Brandon Prust            Craig Smith              Mark Fraser              Jon Merrill              

Goaltenders
Starting : Jean-Francois Berube     
Backup : Matt Murray              

Extra Forwards
Normal : Craig Smith, Nikita Kucherov, Taylor Beck - PP : Craig Smith, Nikita Kucherov - PK : Taylor Beck
Extra Defensemen
Normal : Brian Dumoulin, Jamie Oleksiak, Olli Maatta - PP : Brian Dumoulin - PK : Jamie Oleksiak, Olli Maatta
Penalty Shots
Nikita Kucherov, Tyler Bozak, Alexandre Burrows, Craig Smith, Tim Schaller

Scratches
Gemel Smith (Healthy), Matt Lindblad (Healthy), Kyle Chipchura (Healthy), Borna Rendulic (Healthy), Adam Clendening (Healthy)
Eric Karlsson (Healthy), Brett Ritchie (Healthy), Blake Coleman (Healthy), Daniel Zaar (Healthy), Andrew O'Brien (Healthy)
Keith Seabrook (Healthy), Pierre-Cédric Labrie (Healthy), Marc-André Bourdon (Healthy), Linus Ullmark (Healthy)

Staline

5 vs 5 Forward 
   Center                   Left Wing                Right Wing               Time % Phy DF OF 
 1 David Desharnais         Jeff Skinner             Tyler Pitlick            40     1   2  2  
 2 Marek Zagrapan           James Sheppard           Danny Kristo             30     1   2  2  
 3 Corey Trivino            Bryan Bickell            Barclay Goodrow          20     1   2  2  
 4 Peter Holland            Jiri Sekac               David Desharnais         10     1   2  2  

5 vs 5 Defense 
   Defense                  Defense                                           Time % Phy DF OF 
 1 Stu Bickel               Dustin Kohn                                       40     1   2  2  
 2 Brandon Burlon           Philip Larsen                                     30     1   2  2  
 3 Viktor Loov              Mike Reilly                                       20     1   2  2  
 4 Stu Bickel               Dustin Kohn                                       10     1   2  2  

PowerPlay Forward 
   Center                   Left Wing                Right Wing               Time % Phy DF OF 
 1 David Desharnais         Jeff Skinner             Tyler Pitlick            60     1   2  2  
 2 Marek Zagrapan           James Sheppard           Danny Kristo             40     1   2  2  

PowerPlay Defense
   Defense                  Defense                                           Time % Phy DF OF 
 1 Stu Bickel               Dustin Kohn                                       60     1   2  2  
 2 Brandon Burlon           Philip Larsen                                     40     1   2  2  

Penalty Kill 4 Players Forward 
   Center                   Wing                     Time % Phy DF OF 
 1 David Desharnais         Jeff Skinner             60     1   2  2  
 2 Tyler Pitlick            Marek Zagrapan           40     1   2  2  

Penalty Kill 4 Players Defense
   Defense                  Defense                  Time % Phy DF OF 
 1 Stu Bickel               Dustin Kohn              60     1   2  2  
 2 Brandon Burlon           Philip Larsen            40     1   2  2  

Penalty Kill - 3 Players Forward 
   Forward                                           Time % Phy DF OF 
 1 David Desharnais                                  60     1   2  2  
 2 Jeff Skinner                                      40     1   2  2  

Penalty Kill - 3 Players Defense
   Defense                  Defense                  Time % Phy DF OF 
 1 Stu Bickel               Dustin Kohn              60     1   2  2  
 2 Brandon Burlon           Philip Larsen            40     1   2  2  

4 vs 4 Forward 
   Center                   Wing                     Time % Phy DF OF 
 1 David Desharnais         Jeff Skinner             60     1   2  2  
 2 Tyler Pitlick            Marek Zagrapan           40     1   2  2  

4 vs 4 Defense
   Defense                  Defense                  Time % Phy DF OF 
 1 Stu Bickel               Dustin Kohn              60     1   2  2  
 2 Brandon Burlon           Philip Larsen            40     1   2  2  

Last Minutes Offensive
   Center                   Left Wing                Right Wing               Defense                  Defense                  
   David Desharnais         Jeff Skinner             Tyler Pitlick            Stu Bickel               Dustin Kohn              

Last Minutes Defensive
   Center                   Left Wing                Right Wing               Defense                  Defense                  
   David Desharnais         Jeff Skinner             Tyler Pitlick            Stu Bickel               Dustin Kohn              

Goaltenders
Starting : Allen York               
Backup : Darcy Kuemper            

Extra Forwards
Normal : Charles Hudon, Corey Trivino, Bryan Bickell - PP : Charles Hudon, Corey Trivino - PK : Bryan Bickell
Extra Defensemen
Normal : Viktor Loov, Mike Reilly, Brandon Burlon - PP : Viktor Loov - PK : Mike Reilly, Brandon Burlon
Penalty Shots
David Desharnais, Jeff Skinner, Tyler Pitlick, Marek Zagrapan, Corey Trivino

Scratches
Andrey Pedan (Healthy), Nikita Nesterov (Healthy), Lars Eller (Bruised Left Foot Injury), David Musil (Left Foot Injury), Joni Ortio (Healthy)
Sean Maguire (Healthy)

% Time on Ice - Diables

Lines # - Real PCT - Wanted PCT - Time Play
Normal Forward
1 - 37% - 40% - 16:20
2 - 27% - 30% - 11:49
3 - 19% - 20% - 8:29
4 - 17% - 10% - 7:30
Normal Defense
1 - 40% - 40% - 17:48
2 - 32% - 30% - 14:08
3 - 21% - 20% - 9:11
4 - 7% - 10% - 3:01
PP Forward
1 - 60% - 60% - 7:07
2 - 40% - 40% - 4:47
PP Defense
1 - 59% - 60% - 6:58
2 - 41% - 40% - 4:56
PK Forward
1 - 87% - 60% - 3:26
2 - 13% - 40% - 0:32
PK Defense
1 - 65% - 60% - 2:35
2 - 35% - 40% - 1:23
PK3 Forward
1 - 0% - 60%
2 - 0% - 40%
PK3 Defense
1 - 0% - 60%
2 - 0% - 40%
44 Forward
1 - 80% - 60% - 4:00
2 - 20% - 40% - 1:00
44 Defense
1 - 52% - 60% - 2:37
2 - 48% - 40% - 2:23
Last Minute Offensive  - 0:00
Last Minute Defensive  - 0:00
Total
Forward - 65:00
Defense - 65:00

% Time on Ice - Staline

Lines # - Real PCT - Wanted PCT - Time Play
Normal Forward
1 - 32% - 40% - 13:55
2 - 33% - 30% - 14:28
3 - 23% - 20% - 10:13
4 - 13% - 10% - 5:32
Normal Defense
1 - 42% - 40% - 18:31
2 - 32% - 30% - 14:06
3 - 23% - 20% - 10:10
4 - 3% - 10% - 1:21
PP Forward
1 - 58% - 60% - 2:18
2 - 42% - 40% - 1:40
PP Defense
1 - 57% - 60% - 2:15
2 - 43% - 40% - 1:43
PK Forward
1 - 71% - 60% - 8:26
2 - 29% - 40% - 3:28
PK Defense
1 - 50% - 60% - 5:59
2 - 50% - 40% - 5:55
PK3 Forward
1 - 0% - 60%
2 - 0% - 40%
PK3 Defense
1 - 0% - 60%
2 - 0% - 40%
44 Forward
1 - 73% - 60% - 3:40
2 - 27% - 40% - 1:20
44 Defense
1 - 54% - 60% - 2:43
2 - 46% - 40% - 2:17
Last Minute Offensive  - 0:00
Last Minute Defensive  - 0:00
Total
Forward - 65:00
Defense - 65:00

Play by Play

1st period


0:01 of 1st period - David Desharnais wins face-off versus Tyler Bozak in neutral zone.
0:04 of 1st period - Snap shot by David Desharnais.
0:04 of 1st period - Stopped by Jean-Francois Berube without a rebound.
0:05 of 1st period - Tyler Bozak wins face-off versus Tyler Pitlick in Diables zone.
0:18 of 1st period - Snap shot by Tyler Bozak.
0:18 of 1st period - Stopped by Allen York without a rebound.
0:19 of 1st period - Marek Zagrapan wins face-off versus Tim Schaller in Staline zone.
0:32 of 1st period - Snap shot by James Sheppard.
0:32 of 1st period - Shot Misses the Net.
0:34 of 1st period - Slapshot by Brandon Burlon.
0:34 of 1st period - Shot Misses the Net.
0:56 of 1st period - Slapshot by Pavel Valentenko.
0:56 of 1st period - Deflect By Corey Trivino.
0:56 of 1st period - Stopped by Allen York with a rebound.
1:10 of 1st period - Jamie Oleksiak is hit by Viktor Loov and loses puck.
1:28 of 1st period - Off-side.
1:29 of 1st period - Louis Leblanc wins face-off versus David Desharnais in neutral zone.
1:59 of 1st period - Wrist shot by Danny Kristo.
1:59 of 1st period - Deflect By James Sheppard.
1:59 of 1st period - Stopped by Jean-Francois Berube without a rebound.
2:00 of 1st period - Peter Holland wins face-off versus Tim Schaller in Diables zone.
2:01 of 1st period - Snap shot by David Desharnais.
2:01 of 1st period - Stopped by Jean-Francois Berube with a rebound.
2:06 of 1st period - Off-side.
2:07 of 1st period - Jiri Sekac wins face-off versus Nikita Kucherov in neutral zone.
2:44 of 1st period - Backhand shot by Dustin Kohn.
2:44 of 1st period - Stopped by Jean-Francois Berube with a rebound.
3:10 of 1st period - Snap shot by Craig Smith.
3:10 of 1st period - Shot Misses the Net.
3:12 of 1st period - Minor Penalty to Dustin Kohn for Hooking.
3:13 of 1st period - Taylor Beck wins face-off versus Bryan Bickell in Staline zone.
3:36 of 1st period - Marek Zagrapan is hit by Tim Schaller.
3:59 of 1st period - Snap shot by Nikita Kucherov.
3:59 of 1st period - Stopped by Allen York without a rebound.
4:00 of 1st period - Taylor Beck wins face-off versus Tyler Pitlick in Staline zone.
5:12 of 1st period - Penalty to Dustin Kohn is over, Dustin Kohn is back on ice.
5:38 of 1st period - Stu Bickel is hit by Tim Schaller and loses puck.
5:53 of 1st period - Slapshot by Dustin Kohn.
5:53 of 1st period - Shot Blocked by Nikita Kucherov.
5:55 of 1st period - Backhand shot by Viktor Loov.
5:55 of 1st period - Shot Misses the Net.
5:57 of 1st period - Snap shot by Marek Zagrapan.
5:57 of 1st period - Stopped by Jean-Francois Berube without a rebound.
5:58 of 1st period - David Desharnais wins face-off versus Louis Leblanc in Diables zone.
6:07 of 1st period - Snap shot by Louis Leblanc.
6:07 of 1st period - Goal by Louis Leblanc - Diables : 1 - Staline : 0.
6:08 of 1st period - Tyler Bozak wins face-off versus David Desharnais in neutral zone.
7:00 of 1st period - Wrist shot by Corey Trivino.
7:00 of 1st period - Shot Misses the Net.
7:32 of 1st period - Snap shot by Nikita Kucherov.
7:32 of 1st period - Shot Blocked by Viktor Loov.
7:34 of 1st period - Slapshot by Louis Leblanc.
7:34 of 1st period - Deflect By Christian Thomas.
7:34 of 1st period - Stopped by Allen York without a rebound.
7:35 of 1st period - David Desharnais wins face-off versus Louis Leblanc in Staline zone.
8:21 of 1st period - Wrist shot by Alexandre Burrows.
8:21 of 1st period - Stopped by Allen York without a rebound.
8:22 of 1st period - Jeff Skinner wins face-off versus Tim Schaller in Staline zone.
8:26 of 1st period - Off-side.
8:27 of 1st period - Brandon Prust wins face-off versus David Desharnais in neutral zone.
9:22 of 1st period - Stu Bickel is hit by Craig Smith and loses puck.
9:43 of 1st period - Wrist shot by Jordan Szwarz.
9:43 of 1st period - Stopped by Allen York with a rebound.
9:45 of 1st period - Snap shot by Olli Maatta.
9:45 of 1st period - Deflect By Stu Bickel.
9:45 of 1st period - Stopped by Allen York with a rebound.
10:03 of 1st period - Brandon Prust is hit by Stu Bickel and loses puck.
10:31 of 1st period - Off-side.
10:32 of 1st period - David Desharnais wins face-off versus Tim Schaller in neutral zone.
10:43 of 1st period - Wrist shot by David Desharnais.
10:43 of 1st period - Shot Hit the Post.
10:57 of 1st period - James Sheppard is hit by Brandon Prust and loses puck.
11:08 of 1st period - Snap shot by Nikita Kucherov.
11:08 of 1st period - Shot Blocked by Marek Zagrapan.
11:42 of 1st period - David Desharnais is hit by Jamie Oleksiak.
11:50 of 1st period - Brian Dumoulin is hit by Viktor Loov.
12:16 of 1st period - Off-side.
12:17 of 1st period - Corey Trivino wins face-off versus Tyler Bozak in neutral zone.
12:22 of 1st period - Slapshot by Dustin Kohn.
12:22 of 1st period - Shot Misses the Net.
12:24 of 1st period - Wrist shot by Barclay Goodrow.
12:24 of 1st period - Shot Misses the Net.
12:26 of 1st period - Wrist shot by Corey Trivino.
12:26 of 1st period - Shot Blocked by Mark Fraser.
12:28 of 1st period - Wrist shot by Corey Trivino.
12:28 of 1st period - Shot Blocked by Jon Merrill.
12:30 of 1st period - Slapshot by Corey Trivino.
12:30 of 1st period - Stopped by Jean-Francois Berube without a rebound.
12:31 of 1st period - Tim Schaller wins face-off versus David Desharnais in Diables zone.
12:36 of 1st period - Snap shot by Tim Schaller.
12:36 of 1st period - Stopped by Allen York with a rebound.
12:40 of 1st period - Snap shot by Alexandre Burrows.
12:40 of 1st period - Stopped by Allen York without a rebound.
12:41 of 1st period - Tim Schaller wins face-off versus David Desharnais in Staline zone.
13:10 of 1st period - Wrist shot by Alexandre Burrows.
13:10 of 1st period - Stopped by Allen York with a rebound.
13:12 of 1st period - Slapshot by Mark Fraser.
13:12 of 1st period - Deflect By David Desharnais.
13:12 of 1st period - Stopped by Allen York with a rebound.
13:14 of 1st period - Slapshot by Mark Fraser.
13:14 of 1st period - Shot Blocked by Tyler Pitlick.
13:16 of 1st period - Slapshot by Mark Fraser.
13:16 of 1st period - Shot Blocked by Philip Larsen.
13:18 of 1st period - Wrist shot by Steve Quailer.
13:18 of 1st period - Shot Misses the Net.
13:28 of 1st period - Wrist shot by Alexandre Burrows.
13:28 of 1st period - Stopped by Allen York with a rebound.
13:30 of 1st period - Slapshot by Alexandre Burrows.
13:30 of 1st period - Goal by Alexandre Burrows - Diables : 2 - Staline : 0.
13:31 of 1st period - Marek Zagrapan wins face-off versus Tyler Bozak in neutral zone.
13:46 of 1st period - Wrist shot by Marek Zagrapan.
13:46 of 1st period - Shot Blocked by Jamie Oleksiak.
14:02 of 1st period - Snap shot by Bryan Bickell.
14:02 of 1st period - Stopped by Jean-Francois Berube without a rebound.
14:03 of 1st period - Corey Trivino wins face-off versus Stefan Matteau in Diables zone.
14:08 of 1st period - Snap shot by Bryan Bickell.
14:08 of 1st period - Stopped by Jean-Francois Berube with a rebound.
14:10 of 1st period - Slapshot by Brandon Burlon.
14:10 of 1st period - Deflect By Corey Trivino.
14:10 of 1st period - Shot Hit the Post.
14:10 of 1st period - Puck is out of play.
14:11 of 1st period - Tyler Bozak wins face-off versus David Desharnais in Diables zone.
14:24 of 1st period - Wrist shot by Brandon Prust.
14:24 of 1st period - Stopped by Allen York without a rebound.
14:25 of 1st period - Tyler Bozak wins face-off versus David Desharnais in Staline zone.
14:32 of 1st period - Snap shot by Brandon Prust.
14:32 of 1st period - Shot Misses the Net.
14:35 of 1st period - Minor Penalty to Dustin Kohn for Hooking.
14:36 of 1st period - David Desharnais wins face-off versus Taylor Beck in Staline zone.
14:36 of 1st period - David Desharnais is hit by Taylor Beck.
15:02 of 1st period - Stu Bickel is hit by Craig Smith and loses puck.
16:35 of 1st period - Penalty to Dustin Kohn is over, Dustin Kohn is back on ice.
16:37 of 1st period - Icing by Olli Maatta.
16:38 of 1st period - Louis Leblanc wins face-off versus Marek Zagrapan in Diables zone.
17:03 of 1st period - Wrist shot by Alexandre Burrows.
17:03 of 1st period - Shot Misses the Net.
17:05 of 1st period - Slapshot by Tim Schaller.
17:05 of 1st period - Shot Blocked by Danny Kristo.
17:07 of 1st period - Snap shot by Tim Schaller.
17:07 of 1st period - Stopped by Allen York with a rebound.
17:29 of 1st period - Minor Penalty to Stu Bickel for Boarding.
17:30 of 1st period - Taylor Beck wins face-off versus David Desharnais in Staline zone.
17:57 of 1st period - Brandon Burlon is hit by Brandon Prust and loses puck.
18:02 of 1st period - Slapshot by Tim Schaller.
18:02 of 1st period - Stopped by Allen York with a rebound.
18:04 of 1st period - Wrist shot by Tim Schaller.
18:04 of 1st period - Shot Misses the Net.
18:06 of 1st period - Snap shot by Brandon Prust.
18:06 of 1st period - Stopped by Allen York with a rebound.
19:29 of 1st period - Penalty to Stu Bickel is over, Stu Bickel is back on ice.
19:41 of 1st period - Slapshot by Stu Bickel.
19:41 of 1st period - Stopped by Jean-Francois Berube with a rebound.
19:52 of 1st period - Jamie Oleksiak is hit by Stu Bickel.
19:56 of 1st period - Wrist shot by Marek Zagrapan.
19:56 of 1st period - Shot Misses the Net.
19:58 of 1st period - Slapshot by Marek Zagrapan.
19:58 of 1st period - Stopped by Jean-Francois Berube without a rebound.
19:59 of 1st period - Tyler Bozak wins face-off versus Corey Trivino in Diables zone.
Goals for this period are 2 for Diables vs 0 for Staline.
Shots for this period are 18 for Diables vs 10 for Staline.

2nd period


0:01 of 2nd period - Tyler Bozak wins face-off versus David Desharnais in neutral zone.
0:32 of 2nd period - Snap shot by Marek Zagrapan.
0:32 of 2nd period - Stopped by Jean-Francois Berube without a rebound.
0:33 of 2nd period - David Desharnais wins face-off versus Tyler Bozak in Diables zone.
2:33 of 2nd period - Minor Penalty to Bryan Bickell for Hooking.
2:34 of 2nd period - Taylor Beck wins face-off versus David Desharnais in Staline zone.
2:40 of 2nd period - Wrist shot by Nikita Kucherov.
2:40 of 2nd period - Shot Misses the Net.
2:42 of 2nd period - Snap shot by Nikita Kucherov.
2:42 of 2nd period - Stopped by Allen York with a rebound.
2:44 of 2nd period - Wrist shot by Taylor Beck.
2:44 of 2nd period - Shot Misses the Net.
2:46 of 2nd period - Slapshot by Brian Dumoulin.
2:46 of 2nd period - Stopped by Allen York without a rebound.
2:47 of 2nd period - Taylor Beck wins face-off versus David Desharnais in Staline zone.
3:22 of 2nd period - Icing by Mark Fraser.
3:23 of 2nd period - David Desharnais wins face-off versus Taylor Beck in Diables zone.
3:46 of 2nd period - Snap shot by Alexandre Burrows.
3:46 of 2nd period - Stopped by Allen York with a rebound.
4:22 of 2nd period - Jeff Skinner is hit by Brian Dumoulin and loses puck.
4:33 of 2nd period - Penalty to Bryan Bickell is over, Bryan Bickell is back on ice.
4:49 of 2nd period - Slapshot by Alexandre Burrows.
4:49 of 2nd period - Shot Misses the Net.
4:51 of 2nd period - Snap shot by Nikita Kucherov.
4:51 of 2nd period - Shot Misses the Net.
5:03 of 2nd period - Wrist shot by Alexandre Burrows.
5:03 of 2nd period - Stopped by Allen York with a rebound.
5:05 of 2nd period - Snap shot by Brian Dumoulin.
5:05 of 2nd period - Deflect By Alexandre Burrows.
5:05 of 2nd period - Shot Blocked by Bryan Bickell.
5:05 of 2nd period - Puck is out of play.
5:06 of 2nd period - Louis Leblanc wins face-off versus Marek Zagrapan in Staline zone.
5:13 of 2nd period - Wrist shot by Louis Leblanc.
5:13 of 2nd period - Stopped by Allen York without a rebound.
5:14 of 2nd period - Christian Thomas wins face-off versus Marek Zagrapan in Staline zone.
5:25 of 2nd period - Slapshot by Jordan Szwarz.
5:25 of 2nd period - Stopped by Allen York with a rebound.
5:27 of 2nd period - Minor Penalty to Marek Zagrapan for Hooking.
5:28 of 2nd period - David Desharnais wins face-off versus Brandon Prust in Staline zone.
7:27 of 2nd period - Penalty to Marek Zagrapan is over, Marek Zagrapan is back on ice.
7:53 of 2nd period - Taylor Beck is hit by Marek Zagrapan and loses puck.
9:07 of 2nd period - Wrist shot by Danny Kristo.
9:07 of 2nd period - Stopped by Jean-Francois Berube with a rebound.
9:10 of 2nd period - Icing by Jon Merrill.
9:11 of 2nd period - Stefan Matteau wins face-off versus Marek Zagrapan in Diables zone.
9:30 of 2nd period - Snap shot by David Desharnais.
9:30 of 2nd period - Stopped by Jean-Francois Berube with a rebound.
9:40 of 2nd period - Louis Leblanc is hit by Mike Reilly and loses puck.
10:09 of 2nd period - Slapshot by Steve Quailer.
10:09 of 2nd period - Stopped by Allen York without a rebound.
10:10 of 2nd period - David Desharnais wins face-off versus Tyler Bozak in Staline zone.
10:21 of 2nd period - Snap shot by Brandon Prust.
10:21 of 2nd period - Shot Blocked by Dustin Kohn.
10:23 of 2nd period - Snap shot by Jamie Oleksiak.
10:23 of 2nd period - Deflect By Nikita Kucherov.
10:23 of 2nd period - Stopped by Allen York without a rebound.
10:24 of 2nd period - Tyler Bozak wins face-off versus David Desharnais in Staline zone.
10:27 of 2nd period - Wrist shot by Brandon Prust.
10:27 of 2nd period - Stopped by Allen York with a rebound.
11:14 of 2nd period - Wrist shot by Stefan Matteau.
11:14 of 2nd period - Stopped by Allen York without a rebound.
11:15 of 2nd period - Stefan Matteau wins face-off versus Corey Trivino in Staline zone.
11:24 of 2nd period - Slapshot by Taylor Beck.
11:24 of 2nd period - Shot Blocked by Corey Trivino.
12:02 of 2nd period - Icing by Taylor Beck.
12:03 of 2nd period - David Desharnais wins face-off versus Tyler Bozak in Diables zone.
12:38 of 2nd period - Snap shot by Alexandre Burrows.
12:38 of 2nd period - Stopped by Allen York with a rebound.
12:54 of 2nd period - Snap shot by Danny Kristo.
12:54 of 2nd period - Stopped by Jean-Francois Berube with a rebound.
13:47 of 2nd period - Snap shot by Nikita Kucherov.
13:47 of 2nd period - Shot Blocked by David Desharnais.
14:41 of 2nd period - Snap shot by Tyler Bozak.
14:41 of 2nd period - Shot Blocked by Mike Reilly.
15:27 of 2nd period - Nikita Kucherov is hit by Brandon Burlon.
15:28 of 2nd period - Icing by Nikita Kucherov.
15:29 of 2nd period - Tyler Bozak wins face-off versus Jiri Sekac in Diables zone.
15:31 of 2nd period - Icing by Nikita Kucherov.
15:32 of 2nd period - Peter Holland wins face-off versus Tyler Bozak in Diables zone.
15:41 of 2nd period - Snap shot by Jon Merrill.
15:41 of 2nd period - Stopped by Allen York without a rebound.
15:42 of 2nd period - Tyler Bozak wins face-off versus David Desharnais in Staline zone.
15:49 of 2nd period - Slapshot by Nikita Kucherov.
15:49 of 2nd period - Stopped by Allen York without a rebound.
15:50 of 2nd period - Brandon Prust wins face-off versus David Desharnais in Staline zone.
16:25 of 2nd period - Snap shot by Dustin Kohn.
16:25 of 2nd period - Stopped by Jean-Francois Berube without a rebound.
16:26 of 2nd period - David Desharnais wins face-off versus Brandon Prust in Diables zone.
16:55 of 2nd period - Off-side.
16:56 of 2nd period - Marek Zagrapan wins face-off versus Tim Schaller in neutral zone.
16:59 of 2nd period - Snap shot by Danny Kristo.
16:59 of 2nd period - Deflect By Alexandre Burrows.
16:59 of 2nd period - Stopped by Jean-Francois Berube without a rebound.
17:00 of 2nd period - Marek Zagrapan wins face-off versus Tim Schaller in Diables zone.
17:30 of 2nd period - Icing by Mike Reilly.
17:31 of 2nd period - Marek Zagrapan wins face-off versus Tyler Bozak in Staline zone.
17:42 of 2nd period - Wrist shot by Danny Kristo.
17:42 of 2nd period - Shot Blocked by Olli Maatta.
17:52 of 2nd period - Snap shot by Marek Zagrapan.
17:52 of 2nd period - Deflect By Danny Kristo.
17:52 of 2nd period - Stopped by Jean-Francois Berube with a rebound.
17:54 of 2nd period - Snap shot by Danny Kristo.
17:54 of 2nd period - Goal by Danny Kristo - Diables : 2 - Staline : 1.
17:55 of 2nd period - Brandon Prust wins face-off versus David Desharnais in neutral zone.
18:48 of 2nd period - Stu Bickel is hit by Alexandre Burrows and loses puck.
18:57 of 2nd period - Snap shot by Tim Schaller.
18:57 of 2nd period - Deflect By Steve Quailer.
18:57 of 2nd period - Shot Misses the Net.
18:57 of 2nd period - Puck is out of play.
18:58 of 2nd period - David Desharnais wins face-off versus Tyler Bozak in Staline zone.
19:10 of 2nd period - Philip Larsen is hit by Brandon Prust and loses puck.
19:35 of 2nd period - Snap shot by Taylor Beck.
19:35 of 2nd period - Shot Misses the Net.
19:47 of 2nd period - Jon Merrill is hit by David Desharnais.
19:55 of 2nd period - Snap shot by Jordan Szwarz.
19:55 of 2nd period - Stopped by Allen York without a rebound.
19:56 of 2nd period - Corey Trivino wins face-off versus Tyler Bozak in Staline zone.
Goals for this period are 0 for Diables vs 1 for Staline.
Shots for this period are 14 for Diables vs 8 for Staline.

3rd period


0:01 of 3rd period - Tyler Bozak wins face-off versus David Desharnais in neutral zone.
0:03 of 3rd period - Minor Penalty to Nikita Kucherov for Roughing.
0:04 of 3rd period - Tyler Pitlick wins face-off versus Tim Schaller in Diables zone.
0:18 of 3rd period - Snap shot by Dustin Kohn.
0:18 of 3rd period - Deflect By Jeff Skinner.
0:18 of 3rd period - Stopped by Jean-Francois Berube with a rebound.
0:30 of 3rd period - Tim Schaller is hit by Stu Bickel and loses puck.
0:37 of 3rd period - Snap shot by Danny Kristo.
0:37 of 3rd period - Stopped by Jean-Francois Berube with a rebound.
2:03 of 3rd period - Penalty to Nikita Kucherov is over, Nikita Kucherov is back on ice.
2:10 of 3rd period - Pavel Valentenko is hit by Bryan Bickell and loses puck.
2:35 of 3rd period - Jiri Sekac is hit by Louis Leblanc and loses puck.
2:56 of 3rd period - Marek Zagrapan is hit by Tim Schaller and loses puck.
4:03 of 3rd period - David Desharnais is hit by Stefan Matteau.
4:17 of 3rd period - Danny Kristo is hit by Tyler Bozak and loses puck.
5:09 of 3rd period - Icing by Christian Thomas.
5:10 of 3rd period - Marek Zagrapan wins face-off versus Louis Leblanc in Diables zone.
5:11 of 3rd period - Snap shot by Danny Kristo.
5:11 of 3rd period - Goal by Danny Kristo - Diables : 2 - Staline : 2.
5:12 of 3rd period - David Desharnais wins face-off versus Tyler Bozak in neutral zone.
5:25 of 3rd period - Snap shot by Tyler Bozak.
5:25 of 3rd period - Shot Misses the Net.
5:27 of 3rd period - Slapshot by Mark Fraser.
5:27 of 3rd period - Deflect By Dustin Kohn.
5:27 of 3rd period - Stopped by Allen York with a rebound.
5:37 of 3rd period - Mark Fraser is hit by Dustin Kohn and loses puck.
6:02 of 3rd period - Slapshot by Stu Bickel.
6:02 of 3rd period - Shot Blocked by Taylor Beck.
6:04 of 3rd period - Slapshot by Corey Trivino.
6:04 of 3rd period - Stopped by Jean-Francois Berube without a rebound.
6:05 of 3rd period - Tyler Bozak wins face-off versus Corey Trivino in Diables zone.
6:18 of 3rd period - Wrist shot by Nikita Kucherov.
6:18 of 3rd period - Stopped by Allen York without a rebound.
6:19 of 3rd period - David Desharnais wins face-off versus Brandon Prust in Staline zone.
6:52 of 3rd period - Off-side.
6:53 of 3rd period - David Desharnais wins face-off versus Tim Schaller in neutral zone.
6:56 of 3rd period - Tim Schaller is hit by Stu Bickel and loses puck.
7:15 of 3rd period - Minor Penalty to David Desharnais for Tripping.
7:16 of 3rd period - Taylor Beck wins face-off versus Bryan Bickell in Staline zone.
7:19 of 3rd period - Snap shot by Nikita Kucherov.
7:19 of 3rd period - Shot Misses the Net.
9:12 of 3rd period - Marek Zagrapan is hit by Brian Dumoulin and loses puck.
9:15 of 3rd period - Penalty to David Desharnais is over, David Desharnais is back on ice.
10:10 of 3rd period - Off-side.
10:11 of 3rd period - Marek Zagrapan wins face-off versus Tyler Bozak in neutral zone.
10:22 of 3rd period - Tyler Bozak is hit by Marek Zagrapan and loses puck.
10:44 of 3rd period - Mike Reilly is hit by Brian Dumoulin and loses puck.
10:59 of 3rd period - Wrist shot by Tim Schaller.
10:59 of 3rd period - Shot Misses the Net.
11:01 of 3rd period - Snap shot by Steve Quailer.
11:01 of 3rd period - Stopped by Allen York with a rebound.
11:17 of 3rd period - Peter Holland is hit by Craig Smith and loses puck.
12:04 of 3rd period - Slapshot by Dustin Kohn.
12:04 of 3rd period - Stopped by Jean-Francois Berube with a rebound.
12:24 of 3rd period - Jeff Skinner is hit by Taylor Beck and loses puck.
12:41 of 3rd period - Danny Kristo is hit by Olli Maatta and loses puck.
13:00 of 3rd period - Dustin Kohn is hit by Olli Maatta and loses puck.
14:57 of 3rd period - Brandon Burlon is hit by Pavel Valentenko and loses puck.
15:08 of 3rd period - Jon Merrill is hit by Jeff Skinner.
15:40 of 3rd period - James Sheppard is hit by Tim Schaller and loses puck.
16:10 of 3rd period - Minor Penalty to Stefan Matteau for Tripping.
16:11 of 3rd period - David Desharnais wins face-off versus Tim Schaller in Diables zone.
16:19 of 3rd period - Wrist shot by David Desharnais.
16:19 of 3rd period - Stopped by Jean-Francois Berube without a rebound.
16:20 of 3rd period - Tim Schaller wins face-off versus Tyler Pitlick in Diables zone.
16:27 of 3rd period - Snap shot by Craig Smith.
16:27 of 3rd period - Stopped by Allen York without a rebound.
16:28 of 3rd period - David Desharnais wins face-off versus Tim Schaller in Staline zone.
18:10 of 3rd period - Penalty to Stefan Matteau is over, Stefan Matteau is back on ice.
18:32 of 3rd period - Slapshot by Dustin Kohn.
18:32 of 3rd period - Stopped by Jean-Francois Berube with a rebound.
18:34 of 3rd period - Snap shot by Barclay Goodrow.
18:34 of 3rd period - Shot Blocked by Nikita Kucherov.
18:54 of 3rd period - Corey Trivino is hit by Steve Quailer and loses puck.
Goals for this period are 0 for Diables vs 1 for Staline.
Shots for this period are 4 for Diables vs 7 for Staline.

Overtime #1


0:01 of 1st overtime period - Tyler Bozak wins face-off versus David Desharnais in neutral zone.
0:14 of 1st overtime period - Snap shot by Tyler Bozak.
0:14 of 1st overtime period - Shot Misses the Net.
0:16 of 1st overtime period - Snap shot by Alexandre Burrows.
0:16 of 1st overtime period - Shot Misses the Net.
0:35 of 1st overtime period - Icing by Stu Bickel.
0:36 of 1st overtime period - David Desharnais wins face-off versus Tyler Bozak in Staline zone.
1:28 of 1st overtime period - Mark Fraser is hit by Tyler Pitlick and loses puck.
1:57 of 1st overtime period - Snap shot by Craig Smith.
1:57 of 1st overtime period - Shot Hit the Post.
1:59 of 1st overtime period - Snap shot by Pavel Valentenko.
1:59 of 1st overtime period - Deflect By Nikita Kucherov.
1:59 of 1st overtime period - Stopped by Allen York with a rebound.
2:01 of 1st overtime period - Slapshot by Pavel Valentenko.
2:01 of 1st overtime period - Deflect By Craig Smith.
2:01 of 1st overtime period - Stopped by Allen York without a rebound.
2:02 of 1st overtime period - Craig Smith wins face-off versus David Desharnais in Staline zone.
2:03 of 1st overtime period - Snap shot by Nikita Kucherov.
2:03 of 1st overtime period - Shot Misses the Net.
2:07 of 1st overtime period - Snap shot by Craig Smith.
2:07 of 1st overtime period - Stopped by Allen York with a rebound.
2:09 of 1st overtime period - Wrist shot by Craig Smith.
2:09 of 1st overtime period - Stopped by Allen York with a rebound.
2:35 of 1st overtime period - Wrist shot by Brandon Burlon.
2:35 of 1st overtime period - Deflect By Tyler Pitlick.
2:35 of 1st overtime period - Shot Misses the Net.
2:35 of 1st overtime period - Puck is out of play.
2:36 of 1st overtime period - David Desharnais wins face-off versus Tyler Bozak in Diables zone.
2:39 of 1st overtime period - Wrist shot by David Desharnais.
2:39 of 1st overtime period - Shot Misses the Net.
2:49 of 1st overtime period - Brian Dumoulin is hit by Stu Bickel and loses puck.
3:23 of 1st overtime period - Slapshot by Philip Larsen.
3:23 of 1st overtime period - Shot Misses the Net.
3:46 of 1st overtime period - Wrist shot by Corey Trivino.
3:46 of 1st overtime period - Deflect By Nikita Kucherov.
3:46 of 1st overtime period - Shot Misses the Net.
3:46 of 1st overtime period - Puck is out of play.
3:47 of 1st overtime period - Tyler Bozak wins face-off versus David Desharnais in Diables zone.
3:47 of 1st overtime period - Tyler Bozak is hit by Stu Bickel.
4:07 of 1st overtime period - Slapshot by Tyler Pitlick.
4:07 of 1st overtime period - Stopped by Jean-Francois Berube with a rebound.
4:13 of 1st overtime period - Wrist shot by Tyler Pitlick.
4:13 of 1st overtime period - Shot Hit the Post.
4:45 of 1st overtime period - Brian Dumoulin is hit by Dustin Kohn and loses puck.
Goals for this period are 0 for Diables vs 0 for Staline.
Shots for this period are 4 for Diables vs 1 for Staline.

ShootOut


5:00 of 1st overtime period - Penalty Shot by Nikita Kucherov for Diables.
5:00 of 1st overtime period - Snap shot by Nikita Kucherov.
5:00 of 1st overtime period - Stopped by Allen York.
5:00 of 1st overtime period - Penalty Shot by David Desharnais for Staline.
5:00 of 1st overtime period - Wrist shot by David Desharnais.
5:00 of 1st overtime period - Stopped by Jean-Francois Berube.
5:00 of 1st overtime period - Penalty Shot by Tyler Bozak for Diables.
5:00 of 1st overtime period - Deke by Tyler Bozak.
5:00 of 1st overtime period - Goal by Tyler Bozak.
5:00 of 1st overtime period - Penalty Shot by Jeff Skinner for Staline.
5:00 of 1st overtime period - Snap shot by Jeff Skinner.
5:00 of 1st overtime period - Stopped by Jean-Francois Berube.
5:00 of 1st overtime period - Penalty Shot by Alexandre Burrows for Diables.
5:00 of 1st overtime period - Snap shot by Alexandre Burrows.
5:00 of 1st overtime period - Goal by Alexandre Burrows.